 Dungeon Crawl Stone Soup version 0.31-a0-700-gf13585253f (webtiles) character file.

Game seed: 7281282583515721179

93 ytrimaz the Insei (level 4, 0/28 HPs)
             Began as an Octopode Shapeshifter on Sept 7, 2023.
             Slain by an orc wizard
             ... wielding a +0 dagger
              (2 damage)
             ... on level 3 of the Dungeon.
             The game lasted 00:02:32 (1916 turns).

ytrimaz the Insei (Octopode Shapeshifter)           Turns: 1916, Time: 00:02:33

Health: 0/28       AC:  1    Str: 13    XL:     4   Next: 61%
Magic:  4/4        EV: 14    Int: 12    God:
Gold:   90         SH:  0    Dex: 13    Spells: 3/3 levels left

rFire   . .          .
                       - Unarmed
rCold   . . .        (no shield)
rNeg    . . .        (helmet currently unavailable)
rPois   .            (no amulet)
rElec   .            d - ring of resist corrosion
rCorr   +            (no ring)
SInv    .            (no ring)
Will    .....        (no ring)
Stlth   ++           (no ring)
HPRegen 0.24/turn    (no ring)
MPRegen 0.09/turn    (no ring)
                     (no ring)

%: no passive effects
@: mighty, beast-form
A: beast (slay +2), almost no armour, amphibious, 8 rings, camouflage 1,
gelatinous body 1, (nimble swimmer 1), tentacles
a: Begin Untransformation


You were on level 3 of the Dungeon.
You were a hulking beast.
You visited 1 branch of the dungeon, and saw 3 of its levels.

You collected 90 gold pieces.


Innate Abilities, Weirdness & Mutations

You are a hulking beast.
Your limbs bulge with bestial killing power. (Slay +2)
You cannot wear most types of armour.
You are amphibious.
You can wear up to eight rings at the same time.
Your skin changes colour to match your surroundings (Stealth+).
Your rubbery body absorbs attacks. (AC +1, EV +1)
((You are camouflaged when in or above water. (Stealth+)))
You have tentacles for arms and can constrict up to eight enemies at once.


   Skills:
 - Level 1.0 Fighting
 + Level 3.1 Dodging
 + Level 3.8 Unarmed Combat
 + Level 3.7 Shapeshifting


You had 3 spell levels left.
You didn't know any spells.
Your spell library was empty.

Inventory:

Jewellery
 d - a ring of resist corrosion (left tentacle)
   (You found it on level 1 of the Dungeon)
Talismans
 b - a beast talisman (active)
 c - a flux talisman
Scrolls
 g - a scroll of vulnerability {unknown}
 h - a scroll of fear {unknown}
 j - a scroll of identify {unknown}
Potions
 a - a potion of lignification
 e - a potion of might
 f - 2 potions of curing {unknown}
 i - a potion of haste {unknown}
 k - a potion of heal wounds {unknown}

Dungeon Overview and Level Annotations

Branches:
Dungeon (3/15) Zot: 16090

Altars:

#..........
#..........
#......(...
#..........
#.........
#......# #.oo{..#
########o{o)o.#.#
#........hoo....#
#.###########.###
#######.#......
.. #<...........#
## #######.##.#.#
...........<.#
#######.#....#
#.#....# #.#....#


You could see an orc wizard and 6 orcs.


Message History

No target in view!
Done exploring. 😎 HP[+1]
Your hp is fully restored (28).
Done exploring.
No target in view!
Done exploring.
Done exploring.
Done exploring.
No target in view!
No target in view!
Unknown command.
Items here: ( ))).
There is a stone staircase leading down here.
You climb downwards.
There is a stone staircase leading up here.
k - a pink potion
Found a stone staircase leading up.
No target in view!
A kobold comes into view. It is wielding a +0 short sword.
A kobold is nearby! 2 orcs come into view.
An orc is wielding a +2 flail of holy wrath.
There are monsters nearby! 2 orcs come into view.
An orc is wielding a +0 mace and wearing a +1 ring mail of willpower.
The orc shouts!
You hear a shout!
The orc shouts!
The kobold barely misses you.
An orc wizard comes into view. It is wielding a +0 dagger. x2
An orc comes into view. It is wielding a +0 club.
The orc wizard shouts!
You tentacle-slap the kobold. Your grab misses the kobold.
You squeeze the kobold.
You kill the kobold!
You hear a shout!
Unknown command.
An orc wizard comes into view. It is wielding a +0 dagger.
An orc comes into view. It is wielding a +0 hand axe.
The orc throws a boomerang.
The boomerang closely misses you.
The orc wizard moves out of view.
An orc comes into view. It is wielding a +0 whip.
The orc wizard casts a spell.
The orc wizard flickers and vanishes!
Deactivating autopickup; reactivate with Ctrl-A.
The orc throws a boomerang.
The boomerang hits you.
The orc throws a boomerang.
The boomerang hits you. 😕 HP[-5]
You take 5 damage, and now have 23/28 hp.
You barely miss the orc.
The orc wizard shouts!
You grab the orc.
You constrict the orc, but do no damage.
The orc hits you with a +2 flail of holy wrath. 😮 HP[-5]
You take 5 damage, and now have 18/28 hp.
Unknown command.
You tentacle-slap the orc. You squeeze the orc. You constrict the orc.
You kill the orc!
The orc wizard points at you and mumbles some strange words.
You are confused.
You are too injured to fight recklessly!
Unknown command.
The orc attacks as it pursues you! The orc hits you with a +0 mace.
Things that are here:
a +0 short sword; a kobold corpse; 😮 HP[-1]
You take 1 damage, and now have 17/28 hp.
You bump into the rock wall. 😮 HP[+1] Unknown command.
The orc wizard hits you with a +0 dagger.
The orc hits you with a +0 whip.
* * * LOW HITPOINT WARNING * * *
The orc hits you with a +0 mace.
* * * LOW HITPOINT WARNING * * *
The orc hits you with a +0 whip.
* * * LOW HITPOINT WARNING * * *
😨 HP[-9]
You take 9 damage, and now have 9/28 hp.
MASSIVE DAMAGE!! (PAUSE)
The orc wizard gestures at you while chanting.
You resist with some effort. The orc attacks as it pursues you!
The orc hits you but does no damage.
Things that are here:
a +0 short sword; a kobold corpse You bump into the rock wall.
The orc wizard hits you with a +0 dagger.
* * * LOW HITPOINT WARNING * * *
The orc closely misses you. The orc hits you with a +0 club.
* * * LOW HITPOINT WARNING * * *
The orc throws a boomerang.
The boomerang closely misses you. 😱 HP[-8]
You take 8 damage, and now have 1/28 hp.
MASSIVE DAMAGE!! (PAUSE) It was a potion of might.
You feel very mighty all of a sudden.
You feel less confused. Something completely misses you.
The orc wizard casts a spell.
The orc wizard flickers and vanishes!
The orc wizard hits you with a +0 dagger.
You die...

Skill      XL: |  1  2  3  4 |
---------------+-------------+-----
Dodging        | 3 |  3.1
Fighting       | |  1.0
Unarmed Combat | |  3.8
Shapeshifting  | |  3.7

Action                     |  1- 3 |  4- 6 || total
---------------------------+-------+-------++-------
  Melee: Unarmed           |    80 |    30 ||   110
         Constrict         |    20 |     6 ||    26
         Tentacles         |    10 |     6 ||    16
         Punch             |       |     2 ||     2
    Use: Potion            |       |     1 ||     1
   Stab: Sleeping          |     5 |     1 ||     6
 Armour: Skin              |    36 |    29 ||    65
  Dodge: Dodged            |    59 |    31 ||    90

Levels and vault maps discovered:
D:1:      psy_arrival_dodecagon, layout_loops_ring, minmay_hexomino_c4
D:2:      layout_basic, dreamdust_ecumenical_altar_grove, grunt_ministairs_10,
          uniq_robin
D:3:      layout_basic, minmay_close_crescents, uniq_ijyb

Notes
Turn   | Place    | Note
-------+----------+-------------------------------------------
     0 | D:1      | ytrimaz the Octopode Shapeshifter began the quest for the
                  | Orb.
     0 | D:1      | Reached XP level 1. HP: 13/13 MP: 1/1
     0 | D:1      | magus.rc [v1.9.6]
   182 | D:1      | Reached XP level 2. HP: 16/18 MP: 2/2
   353 | D:1      | Reached XP level 3. HP: 19/23 MP: 3/3
   897 | D:2      | Found a faded altar of an unknown god.
  1355 | D:2      | Reached XP level 4. HP: 18/28 MP: 4/4
  1441 | D:2      | Noticed Robin
  1465 | D:2      | HP: 7/28 [goblin/sling bullet[Robin] (4)]
  1476 | D:2      | HP: 7/28 [goblin/+0 club[Robin] (3)]
  1479 | D:2      | HP: 3/28 [goblin/+0 dagger[Robin] (2)]
  1481 | D:2      | Reached skill level 3 in Dodging
  1709 | D:2      | Killed Robin
  1915 | D:3      | HP: 5/28 [orc wizard/+0 dagger (4)]
  1915 | D:3      | HP: 1/28 [orc/+0 club (4)]
  1916 | D:3      | Slain by an orc wizard

Vanquished Creatures
  Robin (D:2)
  An adder (D:2)
  A worm (D:2)
  A dart slug (D:1)
  An orc (D:3)
  4 ball pythons
  6 endoplasms
  A giant cockroach (D:1)
  16 goblins
  5 hobgoblins
  3 jackals (D:2)
  2 quokkas
  6 bats
  6 frilled lizards
  6 kobolds
  3 rats (D:2)
63 creatures vanquished.

Table legend:
 A = Non-vault XP
 B = Vault XP
 C = Vault XP percentage of total XP
 D = Non-vault monster count
 E = Vault monster count
 F = Vault count percentage of total count
                 A         B        C        D         E       F
            +---------+---------+-------+---------+---------+-------
      Total |      93 |      40 |  30.1 |      46 |      17 |  27.0
            +---------+---------+-------+---------+---------+-------
        D:1 |      30 |       7 |  18.9 |      17 |       4 |  19.0
        D:2 |      58 |      33 |  36.3 |      27 |      13 |  32.5
        D:3 |       5 |       0 |   0.0 |       2 |       0 |   0.0
            +---------+---------+-------+---------+---------+-------

Skill      XL: |  1  2  3  4 |
---------------+-------------+-----
Dodging        | 3 |  3.1
Fighting       | |  1.0
Unarmed Combat | |  3.8
Shapeshifting  | |  3.7

Action                     |  1- 3 |  4- 6 || total
---------------------------+-------+-------++-------
  Melee: Unarmed           |    80 |    30 ||   110
         Constrict         |    20 |     6 ||    26
         Tentacles         |    10 |     6 ||    16
         Punch             |       |     2 ||     2
    Use: Potion            |       |     1 ||     1
   Stab: Sleeping          |     5 |     1 ||     6
 Armour: Skin              |    36 |    29 ||    65
  Dodge: Dodged            |    59 |    31 ||    90

Illustrated notes

Table legend:
 A = Kills in this place as a percentage of kills in the entire game.
 B = Kills by you in this place as a percentage of kills by you in the entire game.
 C = Kills by friends in this place as a percentage of kills by friends in the entire game.
 D = Other kills in this place as a percentage of other kills in the entire game.
 E = Experience gained in this place as a percentage of experience gained in the entire game.
 F = Experience gained in this place divided by the number of levels of this place that you have seen.
                   A       B       C       D       E      F
               +-------+-------+-------+-------+-------+----------------------
         Total | 100.0 | 100.0 |   N/A |   N/A | 100.0 |  44.3
       Dungeon | 100.0 | 100.0 |   N/A |   N/A | 100.0 |  44.3
               +-------+-------+-------+-------+-------+----------------------

Table legend: (Time is in decaauts)
 A = Elapsed time spent in this place.
 B = Non-inter-level travel time spent in this place.
 C = Inter-level travel time spent in this place.
 D = Time resting spent in this place.
 E = Time spent auto-exploring this place.
 F = Levels seen in this place.
 G = Mean time per level.
                   A        B        C        D        E       F      G
               +--------+--------+--------+--------+--------+-----+--------+
         Total |   1908 |   1870 |     38 |      7 |   1483 |   3 |  636.0 |
       Dungeon |   1908 |   1870 |     38 |      7 |   1483 |   3 |  636.0 |
               +--------+--------+--------+--------+--------+-----+--------+

Top non-repeatable levels by time:
     D:2: 1284 daAuts
     D:1: 595 daAuts
     D:3: 28 daAuts
